 Dungeon Crawl Stone Soup version 0.29-a0-824-gd827844252 (webtiles) character file.

Game seed: 11385216507252358752

74 coolguy69 the Cutter (level 4, -7/24 HPs)
             Began as a Vine Stalker Monk on July 10, 2022.
             Killed by divine providence
             ... invoked by an orc priest
              (16 damage)
             ... on level 3 of the Dungeon.
             The game lasted 00:02:24 (2387 turns).

coolguy69 the Cutter (Vine Stalker Monk)            Turns: 2387, Time: 00:02:24

Health: -7/24      AC:  7    Str: 19    XL:     4   Next: 30%
Magic:  0/5        EV: 12    Int: 10    God:
Gold:   128        SH:  0    Dex: 17    Spells: 3/3 levels left

rFire   . . .      SeeInvis +   o - +3 rapier of Classification {drain, rC- Str+4 SInv}
rCold   x . .      Faith    .   (no shield)
rNeg    . . .      Spirit   +   m - +3 leather armour "Beopnesy" {rPois}
rPois   +          Reflect  .   d - +0 helmet
rElec   .          Harm     .   (no cloak)
rCorr   .          Rampage  .   (no gloves)
Will    .....                   (no boots)
Stlth   ++........              (no amulet)
HPRegen 0.88/turn               (no ring)
MPRegen 0.09/turn               (no ring)

@: no status effects
A: fangs 2, regeneration 1, magic shield, antimagic bite, no potion heal 2
a: no special abilities


You were on level 3 of the Dungeon.
You visited 1 branch of the dungeon, and saw 3 of its levels.

You collected 128 gold pieces.

Inventory:

Hand Weapons
 a - a +0 short sword
 o - the +3 rapier of Classification (weapon) {drain, rC- Str+4 SInv}
   (You found it on level 2 of the Dungeon)

   A truly terrible weapon, it drains the life of any living foe it strikes.
   Str:       It affects your strength (+4).
   rC:        It makes you vulnerable to cold.
   SInv:      It lets you see invisible.
Missiles
 k - a throwing net (quivered)
Armour
 d - a +0 helmet (worn)
 m - the +3 leather armour "Beopnesy" (worn) {rPois}
   (You found it on level 2 of the Dungeon)

   rPois:     It protects you from poison.
Scrolls
 b - a scroll of acquirement {unknown}
 e - a scroll of summoning {unknown}
 f - a scroll of amnesia {unknown}
 j - 3 scrolls of identify {unknown}
 l - a scroll of enchant weapon {unknown}
 n - a scroll of teleportation {unknown}
 r - a scroll of fog {unknown}
Potions
 c - 2 potions of ambrosia
 g - a potion of haste {unknown}
 h - a potion of flight {unknown}
 i - 2 potions of cancellation {unknown}
 p - a potion of brilliance {unknown}
 q - a potion of invisibility {unknown}


   Skills:
 + Level 3.1 Fighting
 + Level 3.5 Short Blades
 + Level 1.1 Armour
 + Level 2.7 Dodging
 + Level 2.6 Stealth


You had 3 spell levels left.
You didn't know any spells.
Your spell library contained the following spells:

 Spells                   Type           Power      Damage    Failure   Level
 Gell's Gravitas          Tloc           0%         N/A       80%         3
 Lesser Beckoning         Tloc           0%         N/A       80%         3
 Teleport Other           Tloc           0%         N/A       80%         3


Dungeon Overview and Level Annotations

Branches:
Dungeon (3/15)

Altars:

Shops:
D:2 [:*(


Innate Abilities, Weirdness & Mutations

You have extremely sharp teeth.
Your natural rate of healing is unusually fast.
When hurt, damage is shared between your health and your magic reserves.
Your bite disrupts and absorbs the magic of your enemies.
Potions cannot restore your health.


Message History

An adder is nearby!
You closely miss the adder. The adder bites you but does no damage.
You barely miss the adder. You bite the adder. You drain its power.
The adder is heavily wounded.
The adder bites you but does no damage. x2
You puncture the adder!
You kill the adder!
No target in view!
No target in view!
No target in view!
Found a stone staircase leading down.
No target in view!
You now have 128 gold pieces (gained 7).
An orc priest comes into view. It is wielding a +0 club.
You see here a fizzy grey potion.
An orc and an orc priest come into view.
The orc priest shouts!
The orc priest casts a cantrip, but nothing happens.
An orc comes into view. It is wielding a +0 club.
The orc shouts!
There are monsters nearby!
A ball python comes into view.
The orc shouts!
The orc priest calls down the wrath of Beogh upon you.
Beogh smites you!
There are monsters nearby!
An orc comes into view. It is wielding a +0 whip.
There are monsters nearby!
The orc priest shouts!
You puncture the ball python!
You kill the ball python!
A rat comes into view.
The orc priest calls down the wrath of Beogh upon you.
Beogh smites you!
* * * LOW HITPOINT WARNING * * *
You see here a fizzy grey potion.
The orc priest mumbles some strange prayers to Beogh against you.
Beogh smites you!
Ouch! That really hurt!
You die...

#.♣..# ... .# .....+ ..# #.#
# #### #....# #.# #.# .# ..#
#....# #.# #.# .# ####.#
#....# #.# #.#..#
.....####... ##.###.#..#
.......##.#####.........#
.†..............@!.o>##.#+#.
.....#..#.###.######.o......
####.##.#.# #.# #.†......
#.##.#.# #.## ###o.....
#.##.#.#.... ......
#.##...#.#.# ..r..
..#......... .....
..#.#..#.#.# .... #.#..#.#.#
....


You could see an orc priest and an orc.

Vanquished Creatures
  2 adders
  A worm (D:3)
  4 endoplasms
  6 goblins
  2 hobgoblins (D:2)
  8 jackals
  7 kobolds
  2 quokkas
  6 ball pythons
  2 bats
  3 frilled lizards
  6 rats
49 creatures vanquished.

Vanquished Creatures (others)
  4 plants (D:1)
4 creatures vanquished.

Grand Total: 53 creatures vanquished

Notes
Turn   | Place    | Note
-------+----------+-------------------------------------------
     0 | D:1      | coolguy69 the Vine Stalker Monk began the quest for the
                  | Orb.
     0 | D:1      | Reached XP level 1. HP: 11/11 MP: 2/2
   484 | D:1      | Reached XP level 2. HP: 16/16 MP: 3/3
  1281 | D:2      | Reached XP level 3. HP: 17/20 MP: 2/4
  1303 | D:2      | Identified the +3 leather armour "Beopnesy" {rPois}
  1497 | D:2      | Found Ydothesch's Armour Shoppe.
  1509 | D:2      | Found Jipseomm's Book Shop.
  1526 | D:2      | Identified the +3 rapier of Classification {drain, rC-
                  | Str+4 SInv}
  1688 | D:2      | Reached skill level 1 in Armour
  1712 | D:2      | Found Tirho's Weapon Boutique.
  1955 | D:2      | Found Agenexte's General Store.
  2043 | D:2      | Gained mutation: Your natural rate of healing is unusually
                  | fast. [Vine Stalker growth]
  2043 | D:2      | Reached XP level 4. HP: 24/24 MP: 5/5
  2387 | D:3      | Killed from afar by an orc priest

Illustrated notes

Levels and vault maps discovered:
D:1:      dpeg_arrival_arbitrary_a, layout_loops_ring, serial_bayou_lake_a
D:2:      layout_basic, serial_shops, shop, shop, nicolae_lakefront_shop, shop,
          serial_aquarium, aquarium_bridge_long_separate
          [aquarium_subvault_wall, aquarium_subvault_window,
          aquarium_subvault_bridge, aquarium_subvault_bridge,
          aquarium_subvault_wall, aquarium_subvault_window],
          aquarium_window_fake, aquarium_window_1, aquarium_window_2,
          aquarium_view_2a, aquarium_view_2e, aquarium_balcony_double_2,
          aquarium_pool_four
D:3:      layout_basic, hellmonk_ecumenical_altar_leap_of_faith, serial_shops,
          nicolae_shop_trees

Skill      XL: |  1  2  3 |
---------------+----------+-----
Short Blades   | 3 |  3.5
Fighting       | 3 |  3.1
Armour         | 1 |  1.1
Dodging        | |  2.7
Stealth        | |  2.6

Action                   |  1- 3 |  4- 6 || total
-------------------------+-------+-------++-------
Melee: Short sword       |    65 |       ||    65
       Bite              |    20 |     3 ||    23
       Rapier            |    29 |    11 ||    40
 Stab: Sleeping          |     1 |     1 ||     2
Armor: Leather armour    |    30 |     5 ||    35
Dodge: Dodged            |    64 |     5 ||    69

Table legend: (Time is in decaauts)
 A = Elapsed time spent in this place.
 B = Non-inter-level travel time spent in this place.
 C = Inter-level travel time spent in this place.
 D = Time resting spent in this place.
 E = Time spent auto-exploring this place.
 F = Levels seen in this place.
 G = Mean time per level.
                   A        B        C        D        E       F      G
               +--------+--------+--------+--------+--------+-----+--------+
         Total |   2410 |   2362 |     48 |    195 |   1810 |   3 |  803.3 |
       Dungeon |   2410 |   2362 |     48 |    195 |   1810 |   3 |  803.3 |
               +--------+--------+--------+--------+--------+-----+--------+

Top non-repeatable levels by time:
     D:1: 1282 daAuts
     D:2: 940 daAuts
     D:3: 187 daAuts
